Match 45126301
Unlisted

Match 45126301
End
Kradschützen Motorcycle Team
Panzergrenadier Squad
Panzergrenadier Squad
Selects Panzerjäger Kommand Battlegroup
Selects Mine Fields
Construct Light Support Kompanie
Panzerjäger Squad
Fire Support Elements
2.5-tonne Medical Truck
Selects Tank Busters
le.IG 18 Mechanized Group
Flakvierling Half-track
Vehicle Survival Package
Selects Defensive Positions
Panzerjäger Squad
Veteran Squad Leaders
Construct Panzerarmee Kommand
Selects Butterfly Bomb Drop
Walking Stuka Rocket Launcher
Walking Stuka Rocket Launcher
Butterfly Bomb Drop
Panzer III L Medium Tank
Selects Crew Shock Tactics
Selects Anti-tank Overwatch
Butterfly Bomb Drop
Panzer III L Medium Tank
Tungsten Core Ammunition
Emergency Repair Kits
Armored Reserves
Advanced Field Repairs
Crew Shock Tactics
Rapid Advance
Butterfly Bomb Drop
Advanced Optics
MoronPark-四海云水怒
็็็็็็็็็็
WilllTHENOOBz
NEP_wilson_NEP
0
0

Comments sign in to comment!

No comments posted yet!